 Dungeon Crawl Stone Soup version 0.31.0-32-g396128a36d (webtiles) character file.

Game seed: 8747207998503846478

466 diecastcamel the Shooter (level 7, -1/52 HPs)
             Began as a Barachi Hunter on Apr 24, 2024.
             Killed by nerve-wracking pain
             ... invoked by an orc priest
              (9 damage)
             ... on level 5 of the Dungeon.
             The game lasted 00:11:40 (3251 turns).

diecastcamel the Shooter (Barachi Hunter)           Turns: 3251, Time: 00:11:40

Health: -1/52      AC:  7    Str: 12    XL:     7   Next: 8%
Magic:  7/7        EV: 11    Int:  9    God:
Gold:   213        SH:  0    Dex: 18    Spells: 6/6 levels left

rFire   . . .        a - +0 shortbow
rCold   . . .        (shield currently unavailable)
rNeg    . . .        e - +0 ring mail
rPois   .            i - +1 hat
rElec   .            (no cloak)
rCorr   .            j - +0 pair of gloves
SInv    .            (no boots)
Will    .....        (no amulet)
Stlth   ++           (no ring)
HPRegen 0.28/turn    (no ring)
MPRegen 0.10/turn

%: no passive effects
@: about to teleport, unable to hop, slow
A: amphibious, slowness 1, strong legs 1, +LOS
a: Hop


You were on level 5 of the Dungeon.
You visited 1 branch of the dungeon, and saw 5 of its levels.
You also visited: Sewer.

You collected 213 gold pieces.

Inventory:

Hand Weapons
 a - a +0 shortbow (weapon)
 m - a +2 short sword of electrocution
Armour
 e - a +0 ring mail (worn)
 i - a +1 hat (worn)
 j - a +0 pair of gloves (worn)
Wands
 p - a wand of paralysis (1)
Scrolls
 b - 2 scrolls of butterflies
 c - 6 scrolls of teleportation
 d - a scroll of vulnerability
 l - a scroll of torment
 q - a scroll of fog {unknown}
 s - a scroll of blinking {unknown}
Potions
 f - a potion of curing {unknown}
 g - 2 potions of haste {unknown}
 h - 2 potions of heal wounds {unknown}
 k - a potion of mutation {unknown}
 n - 2 potions of resistance {unknown}
 o - 4 potions of magic
 r - a potion of cancellation {unknown}


   Skills:
 + Level 3.1 Fighting
 * Level 7.0 Ranged Weapons
 - Level 2.1 Dodging
 + Level 4.0 Stealth


You had 6 spell levels left.
You didn't know any spells.
Your spell library contained the following spells:

 Spells                   Type           Power      Damage    Failure   Level
 Kiss of Death            Conj/Necr      0%         2d5       67%         1
 Confusing Touch          Hex            0%         N/A       95%         3
 Dispel Undead            Necr           0%         3d6       100%        4


Dungeon Overview and Level Annotations

Branches:
Dungeon (5/15)              Sewer (visited)
 Temple: D:4-7

Altars:
Ashenzari
Gozag
Kikubaaqudgha
Nemelex Xobeh
Okawaru
Qazlal
Uskayaw

Annotations:
D:4 Dowan, Duvessa
D:5 1 exclusion


Innate Abilities, Weirdness & Mutations

You are amphibious.
You cover ground slowly.
You can hop short distances.
You have an extended range of vision and can be seen from far away.


Message History

You shoot an arrow.
The arrow hits the orc priest but does no damage.
The orc priest looks encouraged for a moment.
You shoot an arrow. The arrow barely misses the orc priest.
The arrow hits the orc.
The orc is severely wounded.
The orc priest hits you but does no damage.
You shoot an arrow.
The arrow closely misses the orc priest.
The arrow hits the orc.
The orc is almost dead.
The orc priest invokes the aid of Beogh against you.
Beogh smites you!
You are too injured to fight recklessly!
You are too injured to fight recklessly!
You are too injured to fight recklessly!
You shoot an arrow.
The arrow hits the orc priest but does no damage.
The orc priest calls upon Beogh to heal the orc.
The orc is healed somewhat.
The orc priest hits you with a +0 dagger.
You shoot an arrow.
The arrow completely misses the orc priest.
The arrow barely misses the orc.
The orc priest hits you with a +0 dagger.
You shoot an arrow. The arrow hits the orc priest.
The orc priest is lightly wounded.
The orc priest calls down the wrath of Beogh upon you.
Beogh smites you!
* * * LOW HITPOINT WARNING * * *
Unknown command.
Hop to where?
Press: ? - help, Q - select action, (/) - cycle Dir - move target, p - orc priest Boing!
It was a potion of magic.
Magic courses through your body.
As you read the scroll of teleportation, it crumbles to dust.
You feel strangely unstable.
The orc priest mumbles some strange prayers to Beogh against you.
Pain shoots through your body!
You die...

....# #.....## ...o.# ....#
#......##+##.....# ...>#
#......+..#......+ ....#
#......#..'......# ....#
#......#o.#......#
....##########......#)##
.##..#
###...............###o###.##.
#
..#.......###.....'.o.........
..#.........###.@.#...........
..#........P..#...#...##......
#.#......#....#...##+## ..##..
#'######'#....##### ## .
#........#....#
#........#...## '........###.#
######...#.####
.....###'#....#


You could see an orc priest and an orc.

Vanquished Creatures
  A scorpion (D:5)
  2 bombardier beetles
  3 jellies (Sewer)
  Jessica (D:2)
  2 iguanas
  8 adders
  4 dart slugs
  2 ribbon worms
  11 orcs
  3 ball pythons
  8 endoplasms (Sewer)
  5 giant cockroaches
  4 goblins
  2 hobgoblins
  6 jackals (D:1)
  5 kobolds
  A quokka (D:3)
  A bat (D:3)
  12 frilled lizards
  4 rats
85 creatures vanquished.

Notes
Turn   | Place    | Note
-------+----------+-------------------------------------------
     0 | D:1      | diecastcamel the Barachi Hunter began the quest for the
                  | Orb.
     0 | D:1      | Reached XP level 1. HP: 17/17 MP: 1/1
    15 | D:1      | Reached skill level 1 in Stealth
   262 | D:1      | Reached XP level 2. HP: 23/23 MP: 2/2
   919 | D:2      | Noticed Jessica
   921 | D:2      | Killed Jessica
   922 | D:2      | Reached XP level 3. HP: 28/28 MP: 3/3
   975 | D:2      | Reached skill level 5 in Ranged Weapons
  1113 | D:2      | Reached XP level 4. HP: 34/34 MP: 4/4
  1323 | D:3      | Found an iron altar of Okawaru.
  1332 | D:3      | Identified the +8 hand axe of Niora {freeze, rPois rF++
                  | Dex-3 SInv}
  1396 | D:3      | Reached XP level 5. HP: 39/39 MP: 5/5
  1847 | D:3      | Found an ancient bone altar of Kikubaaqudgha.
  1914 | D:4      | Noticed Dowan
  1915 | D:4      | Noticed Duvessa
  2279 | D:4      | Found a glowing drain.
  2284 | Sewer    | Entered a sewer
  2316 | Sewer    | Reached skill level 6 in Ranged Weapons
  2462 | Sewer    | Reached XP level 6. HP: 46/46 MP: 6/6
  2509 | Sewer    | Found a viscous altar of Jiyva.
  2704 | D:5      | Entered Level 5 of the Dungeon
  3017 | D:5      | Found a broken altar of Ashenzari.
  3018 | D:5      | Found an opulent altar of Gozag.
  3020 | D:5      | Found a sparkling altar of Nemelex Xobeh.
  3020 | D:5      | Found a hide-covered altar of Uskayaw.
  3124 | D:5      | Reached skill level 7 in Ranged Weapons
  3124 | D:5      | Reached XP level 7. HP: 52/52 MP: 7/7
  3128 | D:5      | Noticed a two-headed ogre
  3171 | D:5      | Found a stormy altar of Qazlal.
  3251 | D:5      | Killed from afar by an orc priest

Illustrated notes

Levels and vault maps discovered:
D:1:      dpeg_arrival_more_subterranean_lakeside_camping, layout_basic
D:2:      layout_basic, uniq_jessica
D:3:      layout_loops_cross, lemuel_doored_altar, okawaru_ov_weapons_minmay
D:4:      layout_cave_pools, portal_sewer_entry_e, uniq_duvessa, uniq_grinder
D:5:      layout_gridville, grunt_qazlal_clouds, mainiacjoe_overflow_paths,
          mainiacjoe_overflow_alcove_3, minmay_lizard_king

Skill      XL: |  1  2  3  4  5  6  7 |
---------------+----------------------+-----
Stealth        | 1 2 3 4 |  4.0
Ranged Weapons | 5 6 7 |  7.0
Fighting       | 3 |  3.1
Dodging        | |  2.1

Action                     |  1- 3 |  4- 6 |  7- 9 || total
---------------------------+-------+-------+-------++-------
   Fire: Shortbow          |    54 |   235 |    17 ||   306
Ability: Hop               |       |       |     2 ||     2
  Evoke: Wand              |       |     3 |       ||     3
    Use: Scroll            |       |     6 |     2 ||     8
         Potion            |       |       |     1 ||     1
 Armour: Ring mail         |     9 |    68 |     8 ||    85
  Dodge: Dodged            |    14 |    50 |     4 ||    68
